 Dungeon Crawl Stone Soup version 0.21.1-1-g345015f (webtiles) character file.

146 Fang the Skirmisher (level 5, 0/33 HPs)
             Began as a Gargoyle Berserker on July 26, 2018.
             Was a Believer of Trog.
             Slain by a gnoll
             ... wielding a +0 spear
              (3 damage)
             ... on level 3 of the Dungeon.
             The game lasted 00:02:23 (2163 turns).

Fang the Skirmisher (Gargoyle Berserker)            Turns: 2163, Time: 00:02:23

Health: 0/33       AC:  6    Str: 21    XL:     5   Next: 28%
Magic:  5/5        EV: 12    Int:  8    God:    Trog [**....]
Gold:   96         SH:  0    Dex:  9    Spells: 4/4 levels left

rFire    . . .     SeeInvis .   a - +0 hand axe
rCold    . . .     Gourm    .   (no shield)
rNeg     + . .     Faith    .   b - +0 animal skin
rPois    ∞         Spirit   .   (no helmet)
rElec    +         Reflect  .   (no cloak)
rCorr    .         Harm     .   (no gloves)
MR       .....                  (no boots)
Stlth    +.........             (no amulet)
HPRegen  0.11/turn              (no ring)
MPRegen  0.09/turn              (no ring)

@: no status effects
A: negative energy resistance 1, electricity resistance, unbreathing,
petrification resistance, rot immunity, AC +4
a: Berserk, Trog's Hand, Burn Spellbooks, Renounce Religion


You were on level 3 of the Dungeon.
You worshipped Trog.
Trog was pleased with you.
You were very hungry.

You visited 1 branch of the dungeon, and saw 3 of its levels.

You collected 96 gold pieces.

Inventory:

Hand Weapons
 a - a +0 hand axe (weapon)
Armour
 b - a +0 animal skin (worn)
Scrolls
 d - a scroll of amnesia {unknown}
 e - a scroll of remove curse {unknown}
 f - 2 scrolls of teleportation {unknown}
 i - 2 scrolls of identify {unknown}
 l - a scroll of noise {unknown}
Potions
 g - a potion of might {unknown}
 h - a potion of curing {unknown}
 j - a potion of ambrosia {unknown}
 k - a potion of agility
 m - a potion of lignification {unknown}
Comestibles
 c - 4 rations


   Skills:
 + Level 4.3 Fighting
 + Level 4.2 Axes
 + Level 2.3 Armour
 + Level 2.1 Dodging
 + Level 0.7 Stealth


You had 4 spell levels left.
You didn't know any spells.

Dungeon Overview and Level Annotations

Branches:
Dungeon (3/15)

Altars:
Gozag
Wu Jian

Annotations:
D:3 Jessica


Innate Abilities, Weirdness & Mutations

You are resistant to torment.
Your stone body is resilient. (AC +4)
You are immune to poison.
You resist negative energy. (rN+)
You are resistant to electric shocks. (rElec)
You can survive without breathing.
You are immune to petrification.
You are immune to rotting.


Message History

Jessica blinks!
You barely miss the giant cockroach. The giant cockroach misses you.
The gnoll hits you but does no damage.
You closely miss the giant cockroach. The giant cockroach closely misses you.
The gnoll hits you from afar with a spear.
The giant cockroach misses you.
You hit the giant cockroach.
The giant cockroach is heavily wounded.
The gnoll hits you from afar with a spear.
* * * LOW HITPOINT WARNING * * *
The giant cockroach bites you but does no damage.
You closely miss the giant cockroach.
The giant cockroach is heavily wounded.
The gnoll closely misses you. The giant cockroach bites you.
* * * LOW HITPOINT WARNING * * *
You hit the giant cockroach.
The giant cockroach is almost dead.
The giant cockroach completely misses you.
The gnoll hits you from afar with a spear.
You die...

#.####)###.#
...........#
##.######..##
#...# #.#.##
#....# ###..#
#..# #.@#
#)s# #.g#
#..# #...
##.# #@# #.#


You could see a gnoll, Jessica and a giant cockroach.

Vanquished Creatures
  Terence (D:2)
  Robin (D:3)
  2 gnolls (D:3)
  2 adders (D:2)
  An ooze (D:2)
  A worm (D:2)
  3 dart slugs
  A ball python (D:1)
  3 giant cockroaches
  12 goblins
  8 hobgoblins
  4 jackals (D:2)
  3 kobolds (D:2)
  A quokka (D:2)
  4 bats
  3 frilled lizards
  11 rats
61 creatures vanquished.

Notes
Turn   | Place    | Note
-------+----------+-------------------------------------------
     0 | D:1      | Fang the Gargoyle Berserker began the quest for the Orb.
     0 | D:1      | Reached XP level 1. HP: 14/14 MP: 1/1
   350 | D:1      | Reached XP level 2. HP: 17/19 MP: 2/2
   800 | D:2      | Reached XP level 3. HP: 23/23 MP: 3/3
   918 | D:2      | Noticed Terence
   931 | D:2      | Killed Terence
   931 | D:2      | Reached XP level 4. HP: 29/29 MP: 4/4
  1588 | D:2      | Reached ** piety under Trog
  1912 | D:2      | Found an ornate altar of the Wu Jian Council.
  1912 | D:2      | Found an opulent altar of Gozag.
  2100 | D:3      | Noticed Robin
  2129 | D:3      | Reached XP level 5. HP: 19/33 MP: 5/5
  2136 | D:3      | Killed Robin
  2158 | D:3      | Noticed Jessica
  2163 | D:3      | Slain by a gnoll

Skill      XL: |  1  2  3  4 |
---------------+-------------+-----
Axes           | 3 4 |  4.2
Fighting       | 4 |  4.3
Dodging        | 2 |  2.1
Armour         | |  2.3
Stealth        | |  0.7

Action                   |  1- 3 |  4- 6 || total
-------------------------+-------+-------++-------
Melee: Hand axe          |    57 |   115 ||   172
Invok: Berserk           |     1 |     1 ||     2
 Stab: Sleeping          |     1 |     1 ||     2
  Eat: Chunk             |       |     5 ||     5
Armor: Animal skin       |    12 |    45 ||    57
Dodge: Dodged            |    32 |    81 ||   113
